 Dungeon Crawl Stone Soup version 0.21.1-1-g345015f (webtiles) character file.

21268 troglodite the Protected (level 12, -2/99 HPs)
             Began as a Demonspawn Berserker on May 17, 2018.
             Was a High Priest of Trog.
             Slain by an orc warrior
             ... wielding a +2 dire flail of holy wrath
              (20 damage)
             ... on level 1 of the Orcish Mines on May 18, 2018.
             The game lasted 00:51:00 (13284 turns).

troglodite the Protected (Demonspawn Berserker)    Turns: 13284, Time: 00:51:00

Health: -2/99      AC: 19    Str: 18    XL:     12   Next: 52%
Magic:  0/21       EV:  5    Int: 10    God:    Trog [*****.]
Gold:   1325       SH:  8    Dex: 21    Spells: 11/11 levels left

rFire    . . .     SeeInvis .   B - +8 falchion "Enaowko" {elec, +Fly rPois MP+9 Int+2}
rCold    + . .     Gourm    .   E - +0 shield
rNeg     . . .     Faith    .   O - +0 plate armour {rC+}
rPois    +         Spirit   +   (no helmet)
rElec    .         Reflect  .   s - +1 cloak
rCorr    .         Harm     .   A - +0 pair of gloves "Xiwydohy" {rPois Dex+3}
MR       +....                  (no boots)
Stlth    ..........             j - amulet of guardian spirit
HPRegen  0.26/turn              (no ring)
MPRegen  0.17/turn              J - ring of protection from magic

@: berserk cooldown, heavily drained
A: talons 1, slimy green scales 1, foul stench 1, powered by death 1, rot
immunity
a: Berserk, Trog's Hand, Brothers in Arms, Burn Spellbooks, Renounce Religion,
Evoke Flight


You were on level 1 of the Orcish Mines.
You worshipped Trog.
Trog was extremely pleased with you.
You were hungry.

You visited 2 branches of the dungeon, and saw 14 of its levels.
You also visited: Ossuary and Bailey.

You collected 1325 gold pieces.

Inventory:

Hand Weapons
 a - a +0 falchion
 f - a +3 whip of draining
 B - the +8 falchion "Enaowko" (weapon) {elec, +Fly rPois MP+9 Int+2}
   (You found it on level 4 of the Dungeon)

   Occasionally, upon striking a foe, it will discharge some electrical energy
   and cause terrible harm.
   It affects your intelligence (+2).
   It protects you from poison.
   It affects your magic capacity (+9).
   It lets you fly.
 M - the +6 dagger of Indignation {pierce, rC+++}
   (You found it on level 9 of the Dungeon)

   It inflicts extra damage upon your enemies.
   It renders you almost immune to cold.
 N - the +3 great sword of the Blessed Realm {slice, Str+4}
   (Trog gifted it to you on level 11 of the Dungeon)

   It inflicts extra damage upon your enemies.
   It affects your strength (+4).
Armour
 s - a +1 cloak (worn)
 A - the +0 pair of gloves "Xiwydohy" (worn) {rPois Dex+3}
   (You acquired it on level 12 of the Dungeon)

   It affects your dexterity (+3).
   It protects you from poison.
 E - a +0 shield (worn)
 K - a +0 crystal plate armour
 O - a +0 plate armour of cold resistance (worn)
 Q - a +2 pair of gloves
Jewellery
 j - an amulet of guardian spirit (around neck)
 v - an uncursed ring of ice
 J - a ring of protection from magic (right hand)
Wands
 y - a wand of iceblast (38)
 F - a wand of polymorph (31)
 H - a wand of flame (15)
 P - a wand of random effects (16)
Scrolls
 b - 3 scrolls of enchant weapon
 i - 6 scrolls of teleportation
 k - 6 scrolls of remove curse
 r - a scroll of enchant armour
 C - 3 scrolls of magic mapping
 D - a scroll of brand weapon {unknown}
Potions
 d - 3 potions of berserk rage
 e - 2 potions of ambrosia
 g - 4 potions of agility
 h - 6 potions of lignification
 l - 3 potions of cancellation
 m - 4 potions of magic
 n - 14 potions of curing
 o - 5 potions of mutation
 p - 5 potions of might
 q - 4 potions of haste
 u - 2 potions of invisibility
 w - a potion of flight
 z - 2 potions of resistance
Books
 x - a book of the Tempests

   Spells                             Type                      Level
   a - Static Discharge               Conjuration/Air              3
   b - Lightning Bolt                 Conjuration/Air              5
   c - Ignition                       Fire                         8
   d - Tornado                        Air                          9
   e - Shatter                        Earth                        9
   Trog disapproves of the use of such an item.
 I - a book of Changes

   Spells                             Type                      Level
   a - Beastly Appendage              Transmutation                1
   b - Sticks to Snakes               Transmutation                2
   c - Spider Form                    Transmutation/Poison         3
   d - Ice Form                       Ice/Transmutation            4
   e - Blade Hands                    Transmutation                5
   Trog disapproves of the use of such an item.
Comestibles
 c - 26 rations


   Skills:
 * Level 10.8(7.8) Fighting
 + Level 9.9(6.9) Long Blades
 + Level 4.3(1.7) Maces & Flails
 * Level 11.2(8.1) Armour
 * Level 7.5(4.8) Dodging
 + Level 0.5(0.0) Stealth


You had 11 spell levels left.
You didn't know any spells.

Dungeon Overview and Level Annotations

Branches:
Dungeon (12/15)            Temple (0/1) D:4            Lair (0/6) D:8
    Orc (2/2) D:11
    Elf: Orc:2

Altars:
Ashenzari
Elyvilon
Gozag
Hepliaklqana
Kikubaaqudgha
Nemelex Xobeh
Okawaru
Ru
Sif Muna
Trog
Vehumet
Wu Jian
Xom
Yredelemnul
Zin

Shops:
D:4 *   Orc:1 !

Portals:
Trove: D:10 (give +2 gold dragon scales)


Innate Abilities, Weirdness & Mutations

You have sharp toenails.
You are partially covered in slimy green scales. (AC +2)
You may emit foul miasma when damaged in melee.
You regenerate a little health from kills.
You are immune to rotting.


Message History

* * * LOW HITPOINT WARNING * * *
You convulse!
* * * LOW HITPOINT WARNING * * *
The orc barely misses you.
You riposte.
You barely miss the orc. Your kick misses the orc.
Unknown command.
You feel much better. The orc barely misses you.
You block the orc priest's attack. The ogre hits you with a giant club.
* * * LOW HITPOINT WARNING * * *
The orc warrior hits you with a dire flail of holy wrath.
* * * LOW HITPOINT WARNING * * *
You convulse.
* * * LOW HITPOINT WARNING * * *
You block the orc's attack.
You feel much better. The orc barely misses you.
The orc priest hits you but does no damage.
The orc warrior hits you with a dire flail of holy wrath!
* * * LOW HITPOINT WARNING * * *
You convulse!!
You die...

#.... ###....
>..... #
##....#
..#.....#
#.....oo# #
#....$oO#.###.$
#..o@[......
#.#...o......
#..........
#...........
###........#
#........#
##......##
........


You could see an orc warrior, an ogre, an orc priest, an orc wizard and 2 orcs.

Vanquished Creatures
  An ettin (Orc:1)
  Josephine (D:10)
  Harold (D:12)
  6 two-headed ogres
  The ghost of RudyRod the Covert, a novice NaIE of Vehumet (D:8)
  An orc knight (Orc:1)
  A centaur skeleton (D:12)
  3 gargoyles
  3 trolls
  Prince Ribbit (D:6)
  A hippogriff (D:9)
  4 wraiths
  A shadow (D:12)
  16 yaks
  Eustachio (D:5)
  Menkaure (D:6)
  A neqoxec (Orc:2)
  2 vampire mosquitoes (D:12)
  A steam dragon (D:8)
  A warg (Orc:1)
  2 hell hounds (D:8)
  A water moccasin (D:9)
  2 sky beasts
  3 black bears
  An ice beast (D:12)
  An eye of draining (D:10)
  2 necrophages
  12 orc warriors
  6 ogres
  2 phantoms
  4 centaurs
  A crocodile (D:10)
  6 bullfrogs
  2 big kobolds
  The ghost of Setanta the Scratcher, an amateur FeMo (D:3)
  A wyvern zombie (D:8)
  3 scorpions
  11 wights
  2 howler monkeys
  3 crimson imps
  A quasit (D:8)
  2 centaur zombies
  3 hounds
  7 jellies
  Crazy Yiuf (D:6)
  7 orc priests
  3 bullfrog skeletons
  6 orc wizards
  An iguana (D:7)
  16 worker ants
  9 mummies
  A worker ant zombie (D:10)
  A howler monkey skeleton (D:7)
  A howler monkey zombie (D:6)
  17 gnolls
  22 adders
  5 shadow imps
  An adder skeleton (D:4)
  2 worms
  2 dart slugs
  7 leopard geckos
  60 orcs
  5 bats
  7 giant cockroaches
  2 gnoll zombies (Ossuary)
  11 goblins
  15 hobgoblins
  14 jackals
  8 quokkas
  3 ball pythons
  5 frilled lizards
  26 kobolds
  4 kobold zombies (Ossuary)
  2 orc zombies (Ossuary)
  A quokka skeleton (D:4)
  A quokka zombie (D:5)
  8 rats
401 creatures vanquished.

Vanquished Creatures (collateral kills)
  Donald (Orc:2)
1 creature vanquished.

Grand Total: 402 creatures vanquished

Notes
Turn   | Place    | Note
-------+----------+-------------------------------------------
     0 | D:1      | troglodite the Demonspawn Berserker began the quest for the Orb.
     0 | D:1      | Reached XP level 1. HP: 18/18 MP: 1/1
   162 | D:1      | Gained mutation: You are immune to rotting. [demonic ancestry]
   162 | D:1      | Reached XP level 2. HP: 24/24 MP: 2/2
   455 | D:1      | Gained mutation: You may emit foul miasma when damaged in melee. [demonic ancestry]
   455 | D:1      | Reached XP level 3. HP: 27/29 MP: 3/3
  1018 | D:2      | Reached skill level 2 in Armour
  1018 | D:2      | Reached XP level 4. HP: 36/37 MP: 4/4
  1022 | D:2      | Reached ** piety under Trog
  1082 | D:2      | Reached skill level 1 in Maces & Flails
  1512 | D:3      | Noticed Setanta's ghost (amateur FeMo)
  1517 | D:3      | Killed Setanta's ghost
  1517 | D:3      | Gained mutation: You are partially covered in slimy green scales. (AC +2) [demonic ancestry]
  1517 | D:3      | Reached XP level 5. HP: 43/43 MP: 5/5
  1776 | D:3      | Found a bloodstained altar of Trog.
  1961 | D:3      | Found an opulent altar of Gozag.
  1970 | D:3      | Reached XP level 6. HP: 46/49 MP: 6/6
  2036 | D:3      | Reached skill level 3 in Armour
  2151 | D:3      | Found a sacrificial altar of Ru.
  2266 | D:3      | Reached *** piety under Trog
  2540 | D:4      | Found Bunapryokhli's Assorted Antiques.
  2544 | D:4      | Found a sand-covered staircase.
  2550 | Ossuary  | Entered an ossuary
  3315 | D:4      | Reached XP level 7. HP: 50/55 MP: 7/7
  3383 | D:4      | Reached skill level 4 in Armour
  3605 | D:4      | Got a smoking falchion
  3606 | D:4      | Identified the +8 falchion "Enaowko" {elec, +Fly rPois MP+9 Int+2} (You found it on level 4 of the Dungeon)
  3623 | D:4      | Reached **** piety under Trog
  3625 | D:4      | Found a staircase to the Ecumenical Temple.
  3690 | D:5      | Entered Level 5 of the Dungeon
  3697 | D:5      | Reached skill level 5 in Fighting
  3791 | D:5      | Noticed Eustachio
  3799 | D:5      | Killed Eustachio
  3888 | D:5      | Reached XP level 8. HP: 38/62 MP: 8/8
  4172 | D:5      | Found a sacrificial altar of Ru.
  4412 | D:6      | Reached skill level 5 in Armour
  4415 | D:6      | Noticed Menkaure
  4423 | D:6      | Killed Menkaure
  4645 | D:6      | Found a runed door.
  4649 | D:6      | Noticed Crazy Yiuf
  4651 | D:6      | Killed Crazy Yiuf
  4851 | D:6      | Noticed Prince Ribbit
  4855 | D:6      | Killed Prince Ribbit
  4855 | D:6      | Reached skill level 6 in Armour
  4921 | D:6      | Gained mutation: You have sharp toenails. [demonic ancestry]
  4921 | D:6      | Reached XP level 9. HP: 67/69 MP: 9/9
  4982 | D:6      | Found a radiant altar of Vehumet.
  5031 | D:6      | Found a white marble altar of Elyvilon.
  5084 | D:6      | Found a basalt altar of Yredelemnul.
  5393 | D:7      | Reached skill level 5 in Long Blades
  5993 | D:8      | Found a staircase to the Lair.
  5993 | D:8      | Noticed RudyRod's ghost (novice NaIE)
  5997 | D:8      | Reached ***** piety under Trog
  6005 | D:8      | Killed RudyRod's ghost
  6005 | D:8      | Reached skill level 7 in Armour
  6005 | D:8      | Reached skill level 5 in Dodging
  6251 | D:8      | Found a sparkling altar of Nemelex Xobeh.
  6304 | D:8      | Noticed a two-headed ogre
  6313 | D:8      | Killed a two-headed ogre
  6313 | D:8      | Reached XP level 10. HP: 41/79 MP: 10/10
  7289 | D:9      | Got a brightly glowing dagger
  7290 | D:9      | Identified the +6 dagger of Indignation {pierce, rC+++} (You found it on level 9 of the Dungeon)
  7323 | D:9      | Noticed a two-headed ogre
  7337 | D:9      | Killed a two-headed ogre
  7337 | D:9      | Reached skill level 8 in Armour
  7578 | D:9      | Noticed a two-headed ogre
  7587 | D:9      | Killed a two-headed ogre
  7687 | D:9      | Found a hazy altar of Hepliaklqana.
  7689 | D:9      | Found a shimmering altar of Xom.
  7690 | D:9      | Found a glowing silver altar of Zin.
  7691 | D:9      | Found a shattered altar of Ashenzari.
  7692 | D:9      | Found an ancient bone altar of Kikubaaqudgha.
  7701 | D:9      | Found an ornate altar of the Wu Jian Council.
  7954 | D:9      | Found a deep blue altar of Sif Muna.
  8162 | D:10     | Entered Level 10 of the Dungeon
  8255 | D:10     | Noticed Josephine
  8265 | D:10     | Killed Josephine
  8265 | D:10     | Gained mutation: You regenerate a little health from kills. [demonic ancestry]
  8265 | D:10     | Reached XP level 11. HP: 87/87 MP: 11/11
  8268 | D:10     | Reached skill level 9 in Armour
  8344 | D:10     | Received a gift from Trog
  8515 | D:10     | Found a sacrificial altar of Ru.
  8540 | D:10     | Found a portal to a secret trove of treasure.
  8816 | D:11     | Found a flagged portal.
  8830 | Bailey   | Entered a bailey
  9228 | D:11     | Noticed a two-headed ogre
  9238 | D:11     | Killed a two-headed ogre
  9726 | D:11     | Received a gift from Trog
  9770 | D:11     | Got a brightly glowing great sword {god gift}
  9771 | D:11     | Identified the +3 great sword of the Blessed Realm {slice, Str+4} (Trog gifted it to you on level 11 of the Dungeon)
 10105 | D:11     | Found a staircase to the Orcish Mines.
 10689 | D:12     | Reached skill level 10 in Armour
 10719 | D:12     | Noticed a two-headed ogre
 10727 | D:12     | Killed a two-headed ogre
 10806 | D:12     | Reached skill level 10 in Fighting
 10810 | D:12     | Noticed Harold
 10825 | D:12     | Killed Harold
 10884 | D:12     | Reached XP level 12. HP: 94/97 MP: 12/12
 10891 | D:12     | Noticed a two-headed ogre
 10904 | D:12     | Killed a two-headed ogre
 10909 | D:12     | Found an iron altar of Okawaru.
 10957 | D:12     | Identified a scroll of acquirement
 10966 | D:12     | Got a pair of faintly glowing gloves
 10977 | D:12     | Identified the +0 pair of gloves "Xiwydohy" {rPois Dex+3} (You acquired it on level 12 of the Dungeon)
 11049 | D:12     | Reached ****** piety under Trog
 11049 | D:12     | Received a gift from Trog
 11519 | Orc:1    | Entered Level 1 of the Orcish Mines
 11536 | Orc:1    | Noticed an ettin
 11882 | Orc:1    | Killed an ettin
 12125 | Orc:1    | Found Panajug's Distillery.
 12302 | Orc:2    | Entered Level 2 of the Orcish Mines
 12335 | Orc:2    | Noticed Donald
 12878 | Orc:2    | Killed Donald
 12878 | Orc:2    | Reached skill level 11 in Armour
 13284 | Orc:1    | Slain by an orc warrior

Skill      XL: |  1  2  3  4  5  6  7  8  9 10 11 12 |
---------------+-------------------------------------+-----
Dodging        | 2 3 4 5 6 7 |  7.5
Long Blades    | 3 4 6 8 9 |  9.9
Fighting       | 4 5 6 7 8 10 | 10.8
Armour         | 2 3 4 6 7 8 10 11 | 11.2
Maces & Flails | 1 2 3 4 |  4.3
Stealth        | |  0.5

Action                   |  1- 3 |  4- 6 |  7- 9 | 10-12 || total
-------------------------+-------+-------+-------+-------++-------
Melee: Whip              |    74 |   294 |    37 |       ||   405
       Falchion          |     8 |       |   194 |   551 ||   753
       Kick              |       |       |    26 |   221 ||   247
Invok: Berserk           |       |     4 |     4 |     8 ||    16
       Burn Spellbooks   |       |     1 |     1 |     2 ||     4
       Brothers in Arms  |       |       |       |     1 ||     1
  Use: Scroll            |       |    10 |     8 |    12 ||    30
       Potion            |       |       |       |     2 ||     2
  Eat: Chunk             |       |     7 |    10 |    18 ||    35
       Ration            |       |     2 |       |     4 ||     6
Armor: Ring mail         |    15 |       |       |       ||    15
       Plate armour      |    25 |   243 |   189 |   364 ||   821
       Crystal plate arm |       |       |       |    38 ||    38
Dodge: Dodged            |    32 |   109 |    80 |   305 ||   526
Block: Shield            |       |       |       |    18 ||    18
       Rpst.: Falchion   |     1 |       |    19 |    65 ||    85
